 Dungeon Crawl Stone Soup version 0.19.5 (webtiles) character file.

8757 Rrauwl the Impaler (level 11, -3/75 HPs)
             Began as a Formicid Abyssal Knight on Mar 13, 2017.
             Was a High Priest of Lugonu.
             Slain by a troll (10 damage)
             ... on level 9 of the Dungeon.
             The game lasted 00:53:13 (9818 turns).

Rrauwl the Impaler (Formicid Abyssal Knight)        Turns: 9818, Time: 00:53:13

Health: -3/75      AC: 12    Str: 21    XL:     11   Next: 61%
Magic:  12/12      EV: 10    Int: 17    God:    Lugonu [*****.]
Gold:   348        SH:  0    Dex:  8    Spells: 0 memorised, 10 levels left

rFire  . . .     SeeInvis +     e - +7 glaive "Amorr" {chop, MR+ Str+2 Dex-2}
rCold  . . .     Gourm    +     E - +1 scale mail of Loblumuw {rN+ Int+2} (curse)
rNeg   + . .     Faith    .     (no shield)
rPois  .         Spirit   .     (helmet unavailable)
rElec  .         Reflect  .     y - +2 cloak {+Inv}
rCorr  .         Harm     .     G - +0 pair of gloves
MR     ++...                    w - +0 pair of boots
Stlth  +.........               i - amulet of the gourmand
                                (no ring)
                                k - ring of stealth

@: no status effects
A: permanent stasis, dig shafts and tunnels, four strong arms, antennae 3,
clever 1
a: Dig, Shaft Self, Depart the Abyss, Bend Space, Banish, Corrupt, Enter the
Abyss, Renounce Religion, Evoke Invisibility


You were on level 9 of the Dungeon.
You worshipped Lugonu.
Lugonu was extremely pleased with you.
You were completely stuffed.

You visited 2 branches of the dungeon, and saw 11 of its levels.
You visited the Abyss 1 time.
You also visited: Ossuary.

You collected 609 gold pieces.
You spent 261 gold pieces at shops.

Inventory:

Hand Weapons
 e - the +7 glaive "Amorr" (weapon) {chop, MR+ Str+2 Dex-2}
   (You found it on level 2 of the Abyss)

   It inflicts extra damage upon your enemies.
   It affects your strength (+2).
   It affects your dexterity (-2).
   It affects your resistance to hostile enchantments.
Missiles
 q - 12 tomahawks (quivered)
Armour
 w - a +0 pair of boots (worn)
 y - a +2 cloak of invisibility (worn)
 E - the cursed +1 scale mail of Loblumuw (worn) {rN+ Int+2}
   (You bought it in a shop on level 4 of the Dungeon)

   It affects your intelligence (+2).
   It protects you from negative energy.
   It has a curse placed upon it.
 G - a +0 pair of gloves (worn)
Jewellery
 i - an amulet of the gourmand (around neck)
 k - a ring of stealth (left hand)
 o - an uncursed amulet of rage
Scrolls
 m - 8 scrolls of remove curse
 t - 4 scrolls of enchant armour
 B - a scroll of fear
 K - a scroll of identify
Potions
 b - a potion of resistance
 d - 3 potions of beneficial mutation
 h - 4 potions of flight
 u - 3 potions of cancellation
 x - a potion of ambrosia
 F - a potion of mutation
Comestibles
 a - a meat ration
 p - a slice of pizza
 I - 6 beef jerkies


   Skills:
 - Level 3.2 Fighting
   Level 2.0 Long Blades
 + Level 16.2 Polearms
 - Level 2.1 Armour
 - Level 1.1 Dodging
 - Level 2.1 Invocations


You had 10 spell levels left.
You didn't know any spells.

Dungeon Overview and Level Annotations

Branches:
Dungeon (10/15)            Temple (0/1) D:7            Lair (1/6) D:9
    Orc (0/2) D:9

Altars:
Trog
Beogh

Shops:
D:4 (([   D:8 (


Innate Abilities, Weirdness & Mutations

You are under a permanent stasis effect.
You can dig through walls and to a lower floor.
Your four strong arms can wield two-handed weapons with a shield.
You have a pair of large antennae on your head. (SInv)
Your mind is acute. (Int +2)


Message History

The electric eel shoots out a bolt of lightning at you!
The bolt of electricity hits you!
You climb upwards.
There is a stone staircase leading down here.
You hit the troll but do no damage. The troll completely misses you.
The troll barely misses you. The troll claws you but does no damage.
Your scale mail of Loblumuw prevents you from hitting the troll.
The troll bites you. The troll barely misses you.
The troll claws you but does no damage.
You barely miss the troll. The troll bites you.
* * * LOW HITPOINT WARNING * * *
The troll barely misses you. The troll claws you but does no damage.
You are too injured to fight recklessly!
You are too injured to fight recklessly!
You hit the troll.
The troll is lightly wounded.
The troll bites you!
* * * LOW HITPOINT WARNING * * *
The troll claws you!
You die...

#...#.#..# #.......#........#.
#........# #.......#........'.
#........# #.......#......###.
#.....########.......#......#...
#....................######'#...
#...............................
#..............................(
#...............................
#.............T@................
#..............######...........
#.>########....#....#....)......
##..# #....#....####'#####..
....# #....#.............#..
....# #....#...........(.#..
....########.####.............###
......>......#...................
..........####..................#


You could see a troll.

Vanquished Creatures
  The ghost of letownia the Reanimator, a novice DDNe (D:7)
  A hill giant (D:6)
  Pikel (D:7)
  2 black mambas (Lair:1)
  Joseph (D:8)
  Psyche (D:8)
  2 komodo dragons (D:9)
  2 polar bears (D:9)
  A hornet (D:9)
  A hippogriff (D:8)
  2 yaks (D:9)
  Menkaure (D:4)
  A water moccasin (Lair:1)
  A porcupine (Lair:1)
  6 orc warriors
  A phantom (D:5)
  3 ice beasts (D:9)
  3 necrophages
  2 sky beasts (D:9)
  5 ogres
  A centaur (D:9)
  A crocodile (Lair:1)
  A big kobold (D:5)
  5 bullfrogs
  A scorpion (D:4)
  10 killer bees (D:9)
  3 crimson imps
  A centaur zombie (D:8)
  A bullfrog zombie (D:9)
  5 hounds
  3 jellies (D:6)
  5 orc wizards
  A bullfrog skeleton (D:6)
  6 orc priests
  Crazy Yiuf (D:4)
  A centaur skeleton (D:5)
  6 worker ants
  A killer bee zombie (D:9)
  3 mummies (Ossuary)
  A hound zombie (D:5)
  2 hound skeletons
  A howler monkey skeleton (D:9)
  6 adders
  A hound simulacrum (D:9)
  A shadow imp (D:5)
  2 white imps (D:9)
  An ufetubus (D:9)
  2 oozes (D:1)
  2 adder skeletons (D:9)
  2 adder zombies
  2 dart slugs (D:1)
  6 leopard geckos
  38 orcs
  7 giant cockroaches
  4 gnoll zombies (Ossuary)
  10 goblins
  10 hobgoblins
  14 jackals
  2 quokkas
  A ball python (D:5)
  7 bats
  7 frilled lizards
  A gnoll skeleton (Ossuary)
  A goblin skeleton (Ossuary)
  2 goblin zombies (Ossuary)
  2 hobgoblin skeletons (Ossuary)
  14 kobolds
  A kobold skeleton (Ossuary)
  A kobold zombie (Ossuary)
  A leopard gecko skeleton (D:9)
  2 orc skeletons (Ossuary)
  11 rats
  3 rat skeletons (Ossuary)
  A rat zombie (Ossuary)
  A bush (D:5)
  A fungus (Lair:1)
265 creatures vanquished.

Vanquished Creatures (others)
  An iguana (D:7)
  A mummy (Ossuary)
  A gnoll zombie (Ossuary)
  2 gnoll skeletons (Ossuary)
  3 goblin skeletons (Ossuary)
  2 goblin zombies (Ossuary)
  6 hobgoblin skeletons (Ossuary)
  5 hobgoblin zombies (Ossuary)
  2 kobold zombies (Ossuary)
  2 orc skeletons (Ossuary)
  5 orc zombies (Ossuary)
  2 rat skeletons (Ossuary)
  2 rat zombies (Ossuary)
  2 plants (D:9)
36 creatures vanquished.

Grand Total: 301 creatures vanquished

Notes
Turn   | Place    | Note
-------+----------+-------------------------------------------
     0 | Abyss:1  | Rrauwl the Formicid Abyssal Knight began the quest for the Orb.
     0 | Abyss:1  | Reached XP level 1. HP: 18/18 MP: 2/2
    34 | Abyss:1  | Noticed a rust devil
    39 | Abyss:1  | Noticed a chaos spawn
    43 | Abyss:1  | Noticed a thrashing horror
    90 | Abyss:2  | Got a crystal glaive
    91 | Abyss:2  | Identified the +7 glaive "Amorr" {chop, MR+ Str+2 Dex-2} (You found it on level 2 of the Abyss)
   124 | D:1      | Escaped the Abyss
   186 | D:1      | Reached skill level 1 in Polearms
   186 | D:1      | Reached skill level 1 in Dodging
   186 | D:1      | Reached XP level 2. HP: 24/24 MP: 3/3
   187 | D:1      | You fall through a shaft!
   393 | D:1      | Reached * piety under Lugonu
   401 | D:1      | Reached skill level 2 in Polearms
   410 | D:1      | Reached XP level 3. HP: 22/29 MP: 4/4
   613 | D:1      | Reached skill level 3 in Polearms
   818 | D:2      | Reached XP level 4. HP: 35/35 MP: 5/5
   859 | D:2      | Found a bloodstained altar of Trog.
  1186 | D:2      | Reached ** piety under Lugonu
  1237 | D:2      | Found a faded altar of an unknown god.
  1431 | D:2      | Reached skill level 4 in Polearms
  1434 | D:2      | Reached XP level 5. HP: 41/41 MP: 6/6
  2041 | D:4      | Found Yreavipe's Antique Weapon Emporium.
  2065 | D:4      | Found Oczokk's Antique Weapon Shoppe.
  2122 | D:4      | Found Tomaitadd's Antique Armour Emporium.
  2149 | D:4      | Noticed Menkaure
  2160 | D:4      | Killed Menkaure
  2160 | D:4      | Reached skill level 5 in Polearms
  2160 | D:4      | Reached XP level 6. HP: 47/47 MP: 7/7
  2169 | D:4      | Found a sand-covered staircase.
  2187 | Ossuary  | Entered an ossuary
  2615 | Ossuary  | Reached *** piety under Lugonu
  2739 | D:4      | Noticed an ogre
  2744 | D:4      | Killed an ogre
  2744 | D:4      | Reached skill level 6 in Polearms
  2744 | D:4      | Reached XP level 7. HP: 52/52 MP: 8/8
  2900 | D:4      | Found a runed door.
  2904 | D:4      | Noticed Crazy Yiuf
  2910 | D:4      | Killed Crazy Yiuf
  3000 | D:5      | Entered Level 5 of the Dungeon
  3065 | D:5      | Reached skill level 7 in Polearms
  3441 | D:5      | Reached skill level 8 in Polearms
  3441 | D:5      | Reached XP level 8. HP: 53/58 MP: 9/9
  3815 | D:4      | Bought an encrusted scale mail for 261 gold pieces
  3825 | D:4      | Identified the cursed +1 scale mail of Loblumuw {rN+ Int+2} (You bought it in a shop on level 4 of the Dungeon)
  3940 | D:6      | Reached skill level 9 in Polearms
  3941 | D:6      | Reached **** piety under Lugonu
  4103 | D:6      | Reached skill level 10 in Polearms
  4291 | D:6      | Noticed a hill giant
  4301 | D:6      | Killed a hill giant
  4301 | D:6      | Reached skill level 11 in Polearms
  4301 | D:6      | Reached XP level 9. HP: 30/64 MP: 10/10
  4680 | D:7      | Noticed letownia's ghost (novice DDNe)
  4688 | D:7      | Killed letownia's ghost
  4688 | D:7      | Reached skill level 12 in Polearms
  4831 | D:7      | Noticed Pikel
  4841 | D:7      | Killed Pikel
  4841 | D:7      | Reached XP level 10. HP: 70/70 MP: 11/11
  5045 | D:7      | Found a staircase to the Ecumenical Temple.
  5639 | D:8      | Noticed Joseph
  5658 | D:8      | Reached skill level 13 in Polearms
  5730 | D:8      | Killed Joseph
  5836 | D:8      | Noticed Psyche
  5840 | D:8      | Killed Psyche
  6288 | D:8      | Reached skill level 14 in Polearms
  6322 | D:8      | Found Nenudun's Antique Weapon Boutique.
  6700 | D:9      | HP: 3/70 [centaur (3)]
  6977 | D:9      | Reached ***** piety under Lugonu
  7156 | D:9      | Reached XP level 11. HP: 19/75 MP: 12/12
  7527 | D:9      | Found a staircase to the Lair.
  7533 | D:9      | Gained mutation: Your mind is acute. (Int +2) [mutagenic meat]
  7563 | D:9      | Reached skill level 15 in Polearms
  8434 | D:9      | Found a roughly hewn altar of Beogh.
  8434 | D:9      | Found a staircase to the Orcish Mines.
  8813 | Lair:1   | Entered Level 1 of the Lair of Beasts
  8824 | Lair:1   | Reached skill level 16 in Polearms
  9593 | Lair:1   | Noticed a six-headed hydra
  9796 | D:10     | Entered Level 10 of the Dungeon
  9818 | D:9      | Slain by a troll

Skill      XL: |  1  2  3  4  5  6  7  8  9 10 11 |
---------------+----------------------------------+-----
Polearms       | 1 2 3 4 5 6 8 11 12 14 16 | 16.2
Dodging        | 1 |  1.1
Fighting       | |  3.2
Long Blades    | |  2.0
Armour         | |  2.1
Invocations    | |  2.1

Action                   |  1- 3 |  4- 6 |  7- 9 | 10-12 || total
-------------------------+-------+-------+-------+-------++-------
Melee: Glaive            |    64 |   116 |   164 |   334 ||   678
Invok: Depart the Abyss  |     1 |       |       |       ||     1
       Bend Space        |       |       |       |     8 ||     8
 Abil: Evoke Invisibilit |       |       |       |     1 ||     1
  Use: Potion            |     4 |     6 |     3 |     9 ||    22
       Scroll            |     2 |    12 |     2 |     3 ||    19
 Stab: Sleeping          |       |     1 |       |       ||     1
  Eat: Chunk             |       |    15 |    12 |    19 ||    46
       Beef jerky        |       |       |     1 |       ||     1
Armor: Leather armour    |    22 |    24 |     6 |       ||    52
       Plate armour      |       |       |    17 |       ||    17
       Scale mail        |       |       |    23 |   134 ||   157
Dodge: Dodged            |    30 |    40 |    45 |   183 ||   298
